 Dungeon Crawl Stone Soup version 0.27-a0-1187-ge80a49f48c (webtiles) character file.

Game seed: 5320890873194616707

95 DasRunzen the Ducker (level 4, -3/35 (37) HPs)
             Began as a Demigod Gladiator on May 20, 2021.
             Slain by a wight
             ... wielding a +0 battleaxe
              (14 damage)
             ... on level 3 of the Dungeon.
             The game lasted 00:07:26 (3590 turns).

DasRunzen the Ducker (Demigod Gladiator)            Turns: 3590, Time: 00:07:26

HP:   -3/35 (37)    AC:  3    Str: 15    XL:     4   Next: 17%
MP:   8/8           EV: 13    Int: 14    God:
Gold: 670           SH:  0    Dex: 17    Spells: 4/5 levels left

rFire    . . .     SeeInvis .   n - +11 war axe of the Shark {freeze, Contam rElec rF- Will+++}
rCold    . . .     Faith    .   (no shield)
rNeg     . . .     Spirit   .   b - +0 leather armour
rPois    .         Reflect  .   c - +1 helmet
rElec    +         Harm     .   (no cloak)
rCorr    .         Rampage  .   (no gloves)
Will     +++..                  (no boots)
Stlth    +++.......             l - amulet "Orphe" {RegenMP rF+}
HPRegen  0.11/turn              (no ring)
MPRegen  0.36/turn              (no ring)

@: studying Spellcasting, drained
A: high mp 1, forlorn, thin skeletal structure 1, camouflage 1, deformed body
a: no special abilities


You were on level 3 of the Dungeon.
You visited 1 branch of the dungeon, and saw 3 of its levels.

You collected 831 gold pieces.
You spent 161 gold pieces at shops.

Inventory:

Hand Weapons
 a - a +0 vampiric trident
 j - a +2 vorpal shortbow
 n - the +11 war axe of the Shark (weapon) {freeze, Contam rElec rF- Will+++}
   (You bought it in a shop on level 3 of the Dungeon)

   It has been specially enchanted to freeze those struck by it, causing extra
   injury to most foes and up to half again as much damage against particularly
   susceptible opponents.
   It can also slow down cold-blooded creatures.
   It makes you vulnerable to fire.
   It insulates you from electricity.
   It causes magical contamination when unequipped.
   It greatly increases your willpower.
Missiles
 d - 3 throwing nets (quivered)
Armour
 b - a +0 leather armour (worn)
 c - a +1 helmet (worn)
Magical Staves
 e - a staff of death
Jewellery
 l - the amulet "Orphe" (around neck) {RegenMP rF+}
   (You acquired it on level 3 of the Dungeon)

   [amulet of magic regeneration]

   It increases your rate of magic regeneration.
   It protects you from fire.
Scrolls
 f - a scroll of teleportation
 g - a scroll of immolation
 i - 2 scrolls of fog
 k - 2 scrolls of identify
 m - a scroll of silence
Potions
 h - a potion of curing


   Skills:
 + Level 2.4 Fighting
 + Level 0.0(1.8) Axes
 - Level 3.1 Polearms
 - Level 1.7 Throwing
 + Level 1.2 Armour
 + Level 3.2 Dodging
 + Level 0.4 Stealth
 + Level 1.2 Spellcasting
 + Level 0.0 Hexes


You had 4 spell levels left.
You knew the following spells:

 Your Spells              Type           Power      Damage    Failure   Level
a - Corona                Hex            1%         N/A       30%         1

Your spell library contained the following spells:

 Spells                   Type           Power      Damage    Failure   Level
 Animate Skeleton         Necr           0%         N/A       32%         1
 Apportation              Tloc           0%         N/A       32%         1
 Summon Small Mammal      Summ           0%         N/A       32%         1


Dungeon Overview and Level Annotations

Branches:
Dungeon (3/15)

Shops:
D:3 (

Annotations:
D:3 2 runed translucent doors, urok567's ghost, amateur MiBe


Innate Abilities, Weirdness & Mutations

Your attributes grow dramatically as you level up.
You have an increased reservoir of magic. (+10% MP)
You shall have no god before yourself.
You have a somewhat thin skeletal structure. (Dex +2, Stealth+)
Your skin changes colour to match your surroundings (Stealth+).
Armour fits poorly on your strangely shaped body.


Message History

There is a stone staircase leading down here.
Found a stone staircase leading down.
There is a stone staircase leading down here.
There is an entrance to Leguufit's Antique Weapon Boutique here.
Unknown command.
n - the +11 war axe of the Shark {freeze, Contam rElec rF- Will+++} Thank you for shopping at Leguufit's Antique Weapon Boutique!
Really wield
n - the +11 war axe of the Shark {freeze, Contam rElec rF- Will+++}? [Y]es or [N]o only, please.
Really wield
n - the +11 war axe of the Shark {freeze, Contam rElec rF- Will+++}?
You feel the dreadful sensation subside.
You feel a build-up of mutagenic energy.
The +11 war axe of the Shark {freeze, Contam rElec rF- Will+++} glows with a cold blue light!
n - the +11 war axe of the Shark (weapon)
{freeze, Contam rElec rF- Will+++}
There is a stone staircase leading down here.
Found a runed translucent door.
There is a stone staircase leading down here.
k - 2 scrolls of identify (gained 1)
You open the large door. 3 wights come into view.
Found a shimmering blue altar of Sif Muna and a burning altar of Makhleb.
You hit the wight but do no damage. The wight hits you with a +5 flail!
You slash the wight!
The wight is heavily damaged.
The wight hits you with a +5 flail!
You feel drained. The wight hits you with a +5 flail!
* * * LOW HITPOINT WARNING * * *
You are too injured to fight recklessly!
You hit the wight.
The wight is severely damaged.
The wight hits you with a +5 flail.
* * * LOW HITPOINT WARNING * * *
There is a stone staircase leading down here.
Okay, then.
The wight misses you.
You hit the wight.
The wight is lightly damaged.
You closely miss the wight. The wight misses you. The wight barely misses you.
The wight hits you with a +0 battleaxe!
You die...

######## #......# #......#
##### #......# ##.... #......#
#######..###
####.#######.......## #####
#.#.z.....####...#
#...######.#@####### #...#
#...........z##########...###
####...####..z................
#.........<........####.......
#........##........# #.#.#...
#........##.#.#....## #.#.....
#........##.#.#.....###.###...
#...........#.##......#.###...
#........#..............).#...


You could see 3 wights.

Vanquished Creatures
  2 adders
  2 dart slugs
  An orc (D:3)
  7 ball pythons
  6 endoplasms
  5 giant cockroaches
  3 goblins
  A hobgoblin (D:1)
  9 jackals (D:1)
  9 kobolds
  5 quokkas
  7 bats
  3 frilled lizards
  8 rats
68 creatures vanquished.

Vanquished Creatures (others)
  A bush (D:3)
  2 plants (D:1)
3 creatures vanquished.

Grand Total: 71 creatures vanquished

Notes
Turn   | Place    | Note
-------+----------+-------------------------------------------
     0 | D:1      | DasRunzen the Demigod Gladiator began the quest for the
                  | Orb.
     0 | D:1      | Reached XP level 1. HP: 17/17 MP: 3/3
   402 | D:1      | Reached XP level 2. HP: 23/24 MP: 4/4
  1326 | D:1      | Reached XP level 3. HP: 27/29 MP: 6/6
  1650 | D:1      | Reached skill level 1 in Armour
  2019 | D:2      | Reached skill level 1 in Spellcasting
  2559 | D:2      | Gained mutation: You have a somewhat thin skeletal
                  | structure. (Dex +2, Stealth+) [potion of mutation]
  2559 | D:2      | Gained mutation: Your skin changes colour to match your
                  | surroundings (Stealth+). [potion of mutation]
  2559 | D:2      | Gained mutation: Armour fits poorly on your strangely
                  | shaped body. [potion of mutation]
  2645 | D:3      | Found Leguufit's Antique Weapon Boutique.
  2652 | D:3      | Found a runed translucent door.
  2670 | D:3      | Noticed urok567's ghost (amateur MiBe)
  2764 | D:3      | Reached XP level 4. HP: 35/37 MP: 8/8
  2827 | D:3      | Learned a level 1 spell: Corona
  2868 | D:3      | HP: 1/37 [orc/+1 whip of electrocution (13)]
  3328 | D:3      | Identified 3 scrolls of acquirement
  3329 | D:3      | Acquired the amulet "Orphe" {RegenMP rF+}
  3336 | D:3      | Acquired 724 gold pieces
  3338 | D:3      | Acquired a manual of Spellcasting
  3398 | D:3      | Bought a polished war axe for 161 gold pieces
  3398 | D:3      | Identified the +11 war axe of the Shark {freeze, Contam
                  | rElec rF- Will+++} (You bought it in a shop on level 3 of
                  | the Dungeon)
  3420 | D:3      | Found a runed translucent door.
  3590 | D:3      | Slain by a wight

Illustrated notes

Levels and vault maps discovered:
D:1:      tarquinn_simple_flora_water_e, layout_basic, serial_forest,
          infiniplex_forest_lined_3_way, infiniplex_forest_clump_cross,
          infiniplex_forest_zigzag_1, infiniplex_forest_clump_curved,
          infiniplex_forest_clump_double, infiniplex_forest_clump_C,
          infiniplex_forest_zigzag_2, shapermc_ecumenical_altar_mp_ritualfount
D:2:      layout_basic
D:3:      layout_rooms, gammafunk_temple_overflow_wave, ebering_ghost_sewer_f,
          serial_shops, shop

Skill      XL: |  1  2  3 |
---------------+----------+-----
Fighting       | 2 |  2.4
Dodging        | 3 |  3.2
Polearms       | 3 |  3.1
Armour         | 1 |  1.2
Spellcasting   | 1 |  1.2
Throwing       | |  1.7
Stealth        | |  0.4

Action                   |  1- 3 |  4- 6 || total
-------------------------+-------+-------++-------
Melee: Trident           |   212 |    14 ||   226
       War axe           |       |     4 ||     4
  Use: Scroll            |     8 |     6 ||    14
       Potion            |     1 |       ||     1
 Stab: Sleeping          |     2 |     3 ||     5
Armor: Leather armour    |    79 |     2 ||    81
Dodge: Dodged            |   171 |    12 ||   183

Table legend: (Time is in decaauts)
 A = Elapsed time spent in this place.
 B = Non-inter-level travel time spent in this place.
 C = Inter-level travel time spent in this place.
 D = Time resting spent in this place.
 E = Time spent auto-exploring this place.
 F = Levels seen in this place.
 G = Mean time per level.
                   A        B        C        D        E       F      G
               +--------+--------+--------+--------+--------+-----+--------+
         Total |   3627 |   3479 |    148 |    631 |   2167 |   3 | 1209.0 |
       Dungeon |   3627 |   3479 |    148 |    631 |   2167 |   3 | 1209.0 |
               +--------+--------+--------+--------+--------+-----+--------+

Top non-repeatable levels by time:
     D:1: 1887 daAuts
     D:2: 1002 daAuts
     D:3: 737 daAuts
